 Dungeon Crawl Stone Soup version 0.19.0-19-g8c6edcc (webtiles) character file.

90 HungrySpirit the Skirmisher (level 4, -1/42 HPs)
             Began as a Hill Orc Wanderer on Nov 14, 2016.
             Slain by a worm (11 damage)
             ... on level 3 of the Dungeon.
             The game lasted 00:04:23 (3677 turns).

HungrySpirit the Skirmisher (Hill Orc Wanderer)     Turns: 3677, Time: 00:04:23

Health: -1/42      AC:  3    Str: 17    XL:     4   Next: 56%
Magic:  4/4        EV: 11    Int: 11    God:
Gold:   148        SH:  0    Dex:  9    Spells: 0 memorised, 3 levels left

rFire  . . .     SeeInvis .     c - +0 hand axe
rCold  . . .     Gourm    .     o - +0 leather armour
rNeg   . . .     Faith    .     (no shield)
rPois  .         Spirit   .     (no helmet)
rElec  .         Reflect  .     (no cloak)
rCorr  .         Harm     .     (no gloves)
MR     .....                    (no boots)
Stlth  +.........               (no amulet)
                                (no ring)
                                (no ring)

@: no status effects
A: no striking features
a: no special abilities


You were on level 3 of the Dungeon.
You were not hungry.

You visited 1 branch of the dungeon, and saw 3 of its levels.

You collected 148 gold pieces.

Inventory:

Hand Weapons
 a - a +2 dagger
 c - a +0 hand axe (weapon)
 d - a +0 short sword
Armour
 o - a +0 leather armour (worn)
Scrolls
 b - 2 scrolls of fear
 i - 2 scrolls of magic mapping {unknown}
 j - 2 scrolls of remove curse {unknown}
 l - a scroll of amnesia {unknown}
 n - a scroll of identify {unknown}
 p - a scroll of enchant armour {unknown}
 q - a scroll of recharging {unknown}
Potions
 e - a potion of heal wounds {unknown}
 g - a potion of ambrosia {unknown}
 k - a potion of invisibility {unknown}
 m - 2 potions of lignification {unknown}
 r - a potion of magic {unknown}
Comestibles
 f - 4 bread rations
 h - 2 meat rations


   Skills:
 - Level 5.2 Fighting
 - Level 1.0 Short Blades
 * Level 5.1 Axes
 - Level 1.0 Throwing
 - Level 1.0 Dodging
 - Level 1.5 Stealth


You had 3 spell levels left.
You didn't know any spells.

Dungeon Overview and Level Annotations

Branches:
Dungeon (3/15)

Altars:


Message History

The worm bites you.
You barely miss the worm.
The worm is moderately wounded.
You hit the worm.
The worm is moderately wounded.
The worm bites you!
* * * LOW HITPOINT WARNING * * *
You are too injured to fight recklessly!
You are too injured to fight recklessly!
You are too injured to fight recklessly!
You swing at nothing.
You slash the worm!
The worm is heavily wounded.
The worm barely misses you.
You completely miss the worm.
The worm is heavily wounded.
You hit the worm.
The worm is severely wounded.
The worm bites you!
You die...

$...#..................
. ..##........##........
..#.#.......####........
......####..# #.......†
...## #..# #.......# ...
#.. ##......## #.###..#
#....<..# #..#
#..##.......# ##@#
#.#........#
#w####...########
#...........#
##..........#
#......)...#
#..........#
#..........#
#..........#
#.........[#


You could see a worm.

Vanquished Creatures
  2 adders (D:3)
  An ooze (D:3)
  2 worms (D:2)
  2 leopard geckos
  An orc (D:3)
  2 ball pythons (D:2)
  5 bats
  5 giant cockroaches
  4 goblins
  9 hobgoblins
  2 jackals (D:3)
  9 kobolds
  3 frilled lizards
  7 rats
54 creatures vanquished.

Notes
Turn   | Place    | Note
-------+----------+-------------------------------------------
     0 | D:1      | HungrySpirit the Hill Orc Wanderer began the quest for the Orb.
     0 | D:1      | HungrySpirit set off with: a +2 dagger, a scroll of fear, a +0 hand axe, a +0 short sword, a +0 robe, a bread ration
     0 | D:1      | Reached XP level 1. HP: 22/22 MP: 1/1
   325 | D:1      | Reached skill level 5 in Fighting
   325 | D:1      | Reached XP level 2. HP: 17/29 MP: 2/2
   855 | D:1      | Reached XP level 3. HP: 36/36 MP: 3/3
  3062 | D:2      | Reached XP level 4. HP: 38/42 MP: 4/4
  3461 | D:3      | Reached skill level 5 in Axes
  3677 | D:3      | Slain by a worm

Skill      XL: |  1  2  3  4 |
---------------+-------------+-----
Axes           | 2 3 4 5 |  5.1
Fighting       | 5 |  5.2
Short Blades   | |  1.0
Throwing       | |  1.0
Dodging        | |  1.0
Stealth        | |  1.5

Action                   |  1- 3 |  4- 6 || total
-------------------------+-------+-------++-------
Melee: Hand axe          |   163 |    69 ||   232
  Use: Potion            |     1 |       ||     1
       Scroll            |       |     1 ||     1
  Eat: Chunk             |     4 |       ||     4
       Meat ration       |     1 |       ||     1
Armor: Robe              |    17 |       ||    17
       Leather armour    |     8 |    14 ||    22
Dodge: Dodged            |   102 |    28 ||   130
